 Dungeon Crawl Stone Soup version 0.30-a0-377-g5cb311bc9f (webtiles) character file.

Game seed: 5062599459103054330

13255 Floretta the Warrior (level 11, -4/119 HPs)
             Began as a Minotaur Berserker on Nov 27, 2022.
             Was a High Priest of Trog.
             Slain by a red devil
             ... wielding a +0 demon trident
             ... summoned by an orc sorcerer
              (16 damage)
             ... on level 2 of the Orcish Mines.
             The game lasted 00:25:52 (9391 turns).

Floretta the Warrior (Minotaur Berserker)           Turns: 9391, Time: 00:25:52

Health: -4/119     AC: 17    Str: 25    XL:     11   Next: 73%
Magic:  10/10      EV: 13    Int:  1    God:    Trog [*****.]
Gold:   1078       SH:  5    Dex: 20    Spells: 10/10 levels left

rFire   + + .      SeeInvis .    m - +5 morningstar of Yqaushax {vorpal, rF+ Int-3 Dex+3}
rCold   . . .      Faith    .    (no shield)
rNeg    . . .      Spirit   .    K - +1 chain mail of Somewhere Else {rF+}
rPois   .          Reflect  +    (helmet restricted)
rElec   .          Harm     .    C - +0 cloak
rCorr   .          Rampage  .    B - +2 pair of gloves
Will    .....                    o - +2 pair of boots
Stlth   ..........               G - amulet of reflection
HPRegen 0.39/turn                F - +6 ring of dexterity
MPRegen 0.12/turn                S - +4 ring of evasion

@: on berserk cooldown, slowed, very slow
A: horns 2, retaliatory headbutt
a: Renounce Religion, Berserk, Trog's Hand, Brothers in Arms


You were on level 2 of the Orcish Mines.
You worshipped Trog.
Trog was extremely pleased with you.
You visited 2 branches of the dungeon, and saw 12 of its levels.

You collected 1429 gold pieces.
You spent 351 gold pieces at shops.

Inventory:

Hand Weapons
 a - a +0 mace
 m - the +5 morningstar of Yqaushax (weapon) {vorpal, rF+ Int-3 Dex+3}
   (You bought it in a shop on level 8 of the Dungeon)

   It inflicts extra damage upon your enemies.
   Int:       It affects your intelligence (-3).
   Dex:       It affects your dexterity (+3).
   rF:        It protects you from fire.
 r - a +0 flail
 D - a +4 quarterstaff of chaos
 J - a +2 flail of protection
Armour
 b - a +0 animal skin
 o - a +2 pair of boots (worn)
 p - a +0 ring mail
 x - a +0 scale mail
 B - a +2 pair of gloves (worn)
 C - a +0 cloak (worn)
 K - the +1 chain mail of Somewhere Else (worn) {rF+}
   (You found it on level 5 of the Dungeon)

   rF:        It protects you from fire.
Jewellery
 d - a ring of magical power
 A - an amulet of faith
 F - a +6 ring of dexterity (left hand)
 G - an amulet of reflection (around neck)
 N - a ring of protection from fire
 S - a +4 ring of evasion (right hand)
Wands
 y - a wand of digging (8)
 M - a wand of charming (13)
Scrolls
 f - a scroll of vulnerability {unknown}
 g - 4 scrolls of magic mapping {unknown}
 j - a scroll of amnesia {unknown}
 t - a scroll of teleportation {unknown}
 v - 2 scrolls of immolation
 w - a scroll of enchant weapon {unknown}
 z - a scroll of identify
 I - 2 scrolls of butterflies
 L - a scroll of summoning {unknown}
 O - 2 scrolls of poison
 Q - a scroll of noise {unknown}
Potions
 c - 3 potions of curing
 e - 5 potions of attraction
 h - a potion of haste {unknown}
 i - a potion of berserk rage
 l - 5 potions of brilliance
 n - 4 potions of cancellation
 q - a potion of lignification {unknown}
 s - 2 potions of ambrosia
 u - a potion of invisibility {unknown}
 H - 2 potions of flight
 P - a potion of magic {unknown}
 R - a potion of resistance {unknown}


   Skills:
 + Level 18.0 Fighting
 - Level 14.0 Maces & Flails
 - Level 2.4 Armour
 - Level 2.1 Dodging


You had 10 spell levels left.
You didn't know any spells.
Your spell library was empty.

Dungeon Overview and Level Annotations

Branches:
Dungeon (10/15)            Temple (0/1) D:5             Orc (2/2) D:10
    Elf (0/3) Orc:2
   Lair: D:8-11

Altars:
Fedhas
Okawaru

Shops:
D:8 =*?(!   Orc:1 ==


Innate Abilities, Weirdness & Mutations

You have a pair of horns on your head.
You reflexively headbutt those who attack you in melee.


Message History

The orc sorcerer hits you but does no damage.
The orc sorcerer no longer looks unusually strong.
The orc knight hits you with a +0 great mace.
* * * LOW HITPOINT WARNING * * *
The orc sorcerer hits you with a +0 dagger.
* * * LOW HITPOINT WARNING * * *
You can move again.
You puncture the orc knight!
The orc knight is moderately wounded.
You block the orc priest's attack. The orc sorcerer barely misses you.
The orc knight hits you with a +0 great mace!
* * * LOW HITPOINT WARNING * * *
The orc wizard gestures at you while chanting.
The magic dart hits you but does no damage.
You puncture the orc knight!
The orc knight is heavily wounded.
The orc priest misses you.
The orc sorcerer casts a spell.
The orc priest barely misses you.
The orc knight roars a battlecry!
The orcs go into a battle-frenzy!
You block the orc wizard's attack.
You sock the orc knight! Your headbutt misses the orc knight.
The orc knight is almost dead.
The orc priest barely misses you. You furiously retaliate!
You headbutt the orc priest! You block the orc knight's attack.
The orc priest barely misses you. The orc sorcerer closely misses you.
The orc wizard hits you but does no damage.
The red devil barely misses you.
You hit the orc knight.
The orc knight is almost dead.
The orc priest hits you with a +0 short sword.
* * * LOW HITPOINT WARNING * * *
You block the orc knight's attack.
The orc priest hits you with a +0 war axe!
* * * LOW HITPOINT WARNING * * *
The orc sorcerer mumbles some strange words.
The orc wizard hits you but does no damage.
The red devil hits you from afar with a +0 demon trident!
You die...

#..........##.÷o÷..§..
#..........#.).).o..÷.
..........##.))#o÷...÷
..........#..)## ÷.÷..
..........#..)## .### .
....#.....#...4### # ....
...#......##..)4.#####...#.
.##......[)##..ooo..........
##.........[##.o@...........
#............###o.........#.
............[[.##...........
...#.........)>[.[..........
#...........))..)...........
#...........................
...#.......................#
............................
...........................#


You could see an orc knight, an orc sorcerer (strong), 2 red devils, 2 orc
priests and an orc wizard (strong).

Vanquished Creatures
  A two-headed ogre (D:9)
  3 orc high priests (Orc:2)
  2 orc knights (Orc:2)
  2 orc sorcerers (Orc:2)
  A troll (D:10)
  Grinder (D:3)
  Prince Ribbit (D:7)
  A wraith (D:9)
  A wyvern (D:10)
  A steam dragon (D:8)
  6 yaks (D:8)
  A warg (Orc:2)
  2 water moccasins
  3 sky beasts
  15 orc warriors
  An ice beast (D:7)
  3 black bears
  3 ogres
  2 centaurs (D:8)
  3 phantoms (D:4)
  3 kobold brigands
  3 bullfrogs
  2 necrophages (D:7)
  2 scorpions
  27 wights
  7 howler monkeys
  Crazy Yiuf (D:4)
  A hound (D:5)
  3 gnoll boudas
  2 jellies
  12 orc priests
  5 iguanas
  17 orc wizards
  Robin (D:3)
  23 gnolls
  6 adders
  A worm (D:5)
  2 dart slugs
  62 orcs
  9 ball pythons
  3 bats (D:2)
  8 endoplasms
  A giant cockroach (D:2)
  8 hobgoblins
  2 quokkas
  3 frilled lizards
  13 goblins
  18 kobolds
298 creatures vanquished.

Vanquished Creatures (collateral kills)
  An ettin (Orc:2)
  An ogre (Orc:2)
2 creatures vanquished.

Vanquished Creatures (others)
  An orc knight (Orc:2)
  2 orc wizards
  An orc (D:10)
  4 plants (D:8)
8 creatures vanquished.

Grand Total: 308 creatures vanquished

Notes
Turn   | Place    | Note
-------+----------+-------------------------------------------
     0 | D:1      | Floretta the Minotaur Berserker began the quest for the
                  | Orb.
     0 | D:1      | Reached XP level 1. HP: 19/19 MP: 0/0
   206 | D:1      | Reached XP level 2. HP: 27/27 MP: 1/1
   275 | D:1      | Found a faded altar of an unknown god.
   518 | D:1      | Reached skill level 4 in Fighting
   813 | D:2      | Reached ** piety under Trog
   933 | D:2      | Reached XP level 3. HP: 33/33 MP: 2/2
  1087 | D:2      | Reached skill level 5 in Maces & Flails
  1093 | D:2      | Reached XP level 4. HP: 41/41 MP: 3/3
  1389 | D:3      | Noticed Grinder
  1404 | D:3      | Killed Grinder
  1405 | D:3      | Reached skill level 5 in Fighting
  1405 | D:3      | Reached XP level 5. HP: 44/48 MP: 4/4
  1405 | D:3      | Reached XP level 6. HP: 52/56 MP: 5/5
  1461 | D:3      | Noticed Robin
  1472 | D:3      | Killed Robin
  2084 | D:4      | Reached skill level 6 in Fighting
  2091 | D:4      | Reached XP level 7. HP: 64/64 MP: 6/6
  2236 | D:4      | Reached *** piety under Trog
  2670 | D:4      | Found a runed translucent door.
  2671 | D:4      | Noticed Crazy Yiuf
  2816 | D:4      | Killed Crazy Yiuf
  3005 | D:5      | Entered Level 5 of the Dungeon
  3171 | D:5      | Identified the +1 chain mail of Somewhere Else {rF+}
  3181 | D:5      | Reached skill level 7 in Fighting
  3457 | D:5      | Reached skill level 10 in Maces & Flails
  3457 | D:5      | Reached XP level 8. HP: 43/73 MP: 7/7
  3731 | D:5      | Found a staircase to the Ecumenical Temple.
  4410 | D:6      | Reached skill level 8 in Fighting
  5019 | D:6      | Reached **** piety under Trog
  5029 | D:6      | Reached XP level 9. HP: 44/78 MP: 8/8
  5034 | D:6      | Reached skill level 9 in Fighting
  5460 | D:7      | Noticed Prince Ribbit
  5482 | D:7      | Killed Prince Ribbit
  5796 | D:7      | Reached skill level 10 in Fighting
  6138 | D:8      | Found a blossoming altar of Fedhas.
  6175 | D:8      | Found Inampail's Assorted Antiques.
  6281 | D:8      | Found Zuof's Magic Scroll Shop.
  6303 | D:8      | Reached skill level 11 in Fighting
  6303 | D:8      | Reached XP level 10. HP: 95/95 MP: 9/9
  6349 | D:8      | Bought a scroll of enchant armour for 90 gold pieces
  6410 | D:8      | Found Ofenureps's Antique Weapon Boutique.
  6431 | D:8      | Bought a slimy morningstar for 261 gold pieces
  6431 | D:8      | Identified the +5 morningstar of Yqaushax {vorpal, rF+
                  | Int-3 Dex+3} (You bought it in a shop on level 8 of the
                  | Dungeon)
  6505 | D:8      | Found Xemos's Distillery.
  6562 | D:8      | Reached skill level 12 in Fighting
  6658 | D:8      | Found an iron altar of Okawaru.
  6763 | D:8      | Found Jashrul's Jewellery Shoppe.
  7223 | D:9      | Reached ***** piety under Trog
  7228 | D:9      | Reached skill level 13 in Fighting
  7427 | D:9      | Noticed a two-headed ogre
  7431 | D:9      | Killed a two-headed ogre
  7795 | D:10     | Entered Level 10 of the Dungeon
  7831 | D:10     | Reached skill level 14 in Fighting
  8115 | D:10     | Found a staircase to the Orcish Mines.
  8190 | D:10     | Reached skill level 15 in Fighting
  8256 | Orc:1    | Entered Level 1 of the Orcish Mines
  8272 | Orc:1    | Found Sic Xaugh's Jewellery Shoppe.
  8284 | Orc:1    | Reached XP level 11. HP: 112/112 MP: 10/10
  8564 | Orc:1    | Found Bang's Jewellery Boutique.
  8700 | Orc:2    | Entered Level 2 of the Orcish Mines
  8705 | Orc:2    | Noticed an ettin
  8710 | Orc:2    | Killed an ettin
  8775 | Orc:2    | Found a staircase to the Elven Halls.
  8826 | Orc:2    | Noticed an orc knight
  8838 | Orc:2    | Killed an orc knight
  8839 | Orc:2    | Reached skill level 16 in Fighting
  8865 | Orc:2    | HP: 4/115 [orc warrior/+0 trident (5)]
  8867 | Orc:2    | HP: 1/115 [something (1)]
  9338 | Orc:2    | Noticed an orc high priest
  9350 | Orc:2    | Killed an orc high priest
  9355 | Orc:2    | Noticed an orc sorcerer
  9359 | Orc:2    | Noticed an orc high priest
  9359 | Orc:2    | Noticed an orc knight
  9359 | Orc:2    | Noticed an orc high priest
  9362 | Orc:2    | Noticed an orc sorcerer
  9364 | Orc:2    | Noticed an orc sorcerer
  9364 | Orc:2    | Noticed an orc knight
  9366 | Orc:2    | Killed an orc high priest
  9366 | Orc:2    | Noticed an orc knight
  9367 | Orc:2    | Reached skill level 17 in Fighting
  9369 | Orc:2    | Noticed a sun demon
  9369 | Orc:2    | Killed an orc knight
  9372 | Orc:2    | Killed an orc sorcerer
  9375 | Orc:2    | Killed an orc high priest
  9381 | Orc:2    | Noticed a soul eater
  9385 | Orc:2    | Killed an orc sorcerer
  9386 | Orc:2    | Reached skill level 18 in Fighting
  9386 | Orc:2    | Paralysed by an orc sorcerer for 2 turns
  9391 | Orc:2    | Slain by a red devil

Illustrated notes

Levels and vault maps discovered:
D:1:      matt_arrival_refuge, layout_loops_ring,
          hellmonk_ecumenical_altar_zigzags
D:2:      layout_basic, hangedman_glass_teeth
D:3:      layout_rooms, uniq_robin, uniq_grinder
D:4:      layout_loops_ring, uniq_crazy_yiuf_cottage
D:5:      layout_basic, temple_doors_e, minmay_circle_x
D:6:      layout_layer_cave, small_statue_intersection
D:7:      layout_loops_ring, st_stairs_13, uniq_prince_ribbit1
D:8:      layout_loops_ring, fedhas_ov_isle_minmay,
          mainiacjoe_overflow_chevrons, serial_shops, nicolae_lakefront_shop,
          nicolae_stop_n_shop_1, shop, nicolae_shop_advertising_works
          [nicolae_subvault_shop_adworks], shop
D:9:      layout_loops_ring, nicolae_hexahallways
D:10:     layout_loops_ring, minmay_overflow_temple_star_quad,
          gammafunk_temple_overflow_claw, lair_entry_dummy, hiddenorc2_lemuel
Orc:1:    layout_caves, serial_shops, nicolae_lakefront_shop,
          minmay_shop_enchanted_jewellery
Orc:2:    grunt_orc_tribal_feast, layout_caves, lightli_orcish_oven

Skill      XL: |  1  2  3  4  5  6  7  8  9 10 11 |
---------------+----------------------------------+-----
Maces & Flails | 4 5 7 8 10 12 14 | 14.0
Fighting       | 4 5 6 7 8 11 15 18 | 18.0
Armour         | |  2.4
Dodging        | |  2.1

Action                   |  1- 3 |  4- 6 |  7- 9 | 10-12 || total
-------------------------+-------+-------+-------+-------++-------
Melee: Mace              |    47 |     1 |       |       ||    48
       Headbutt          |     2 |     8 |    56 |    42 ||   108
       Flail             |       |    75 |   265 |    12 ||   352
       Punch             |       |       |     1 |     1 ||     2
       Morningstar       |       |       |       |   254 ||   254
Invok: Berserk           |     1 |     4 |     7 |     5 ||    17
       Brothers in Arms  |       |       |       |     1 ||     1
Evoke: Wand              |       |       |       |     2 ||     2
  Use: Scroll            |       |     4 |     3 |    10 ||    17
       Potion            |       |       |       |     6 ||     6
Armor: Animal skin       |     5 |       |       |       ||     5
       Ring mail         |    14 |    16 |       |       ||    30
       Scale mail        |       |    14 |    35 |       ||    49
       Chain mail        |       |       |    72 |   121 ||   193
Dodge: Dodged            |    32 |    32 |   100 |   136 ||   300
Block: Other             |       |       |       |    42 ||    42
       Reflection        |       |       |       |     1 ||     1

Table legend: (Time is in decaauts)
 A = Elapsed time spent in this place.
 B = Non-inter-level travel time spent in this place.
 C = Inter-level travel time spent in this place.
 D = Time resting spent in this place.
 E = Time spent auto-exploring this place.
 F = Levels seen in this place.
 G = Mean time per level.
                   A        B        C        D        E       F      G
               +--------+--------+--------+--------+--------+-----+--------+
         Total |   9416 |   8932 |    484 |    622 |   6899 |  12 |  784.7 |
       Dungeon |   8286 |   7817 |    469 |    566 |   6052 |  10 |  828.6 |
  Orcish Mines |   1130 |   1116 |     14 |     56 |    847 |   2 |  565.0 |
               +--------+--------+--------+--------+--------+-----+--------+

Top non-repeatable levels by time:
     D:5: 1302 daAuts
     D:4: 1065 daAuts
     D:6: 1060 daAuts
     D:9: 916 daAuts
     D:8: 826 daAuts
     D:1: 771 daAuts
     D:7: 688 daAuts
   Orc:1: 655 daAuts
     D:2: 623 daAuts
     D:3: 576 daAuts
   Orc:2: 475 daAuts
    D:10: 455 daAuts
